 Dungeon Crawl Stone Soup version 0.30-a0-459-g9104f0fc43 (webtiles) character file.

Game seed: 16981076847712994198

385958 cforsyth the Wrestler (level 22, -5/187 (219) HPs)
             Began as a Troll Fighter on Dec 15, 2022.
             Was the Champion of Wu Jian.
             Slain by an ironbound preserver
             ... wielding a +0 flail
              (30 damage)
             ... on level 3 of the Vaults.
             The game lasted 02:34:08 (48583 turns).

cforsyth the Wrestler (Troll Fighter)              Turns: 48583, Time: 02:34:09

HP:   -5/187 (219)  AC: 13    Str: 30    XL:     22   Next: 0%
MP:   25/25         EV: 14    Int: 10    God:    Wu Jian [******]
Gold: 3105          SH: 24    Dex: 15    Spells: 27/27 levels left

rFire   + . .      SeeInvis +      - Unarmed
rCold   + + .      Faith    .    h - +6 tower shield "Yliriele" {+Inv Str-4 Stlth+}
rNeg    . . .      Spirit   .    U - +3 storm dragon scales {Bai Suzhen}
rPois   .          Reflect  .    T - +2 hat
rElec   +          Harm     +    a - +0 cloak of Gepatiul {rC++ Str+4}
rCorr   .          Rampage  .    (gloves unavailable)
Will    +++..                    (boots unavailable)
Stlth   ..........               m - amulet "Qaaxot" {Harm Will+ Regen+ Dex+3}
HPRegen 2.11/turn                z - ring of willpower
MPRegen 0.19/turn                t - ring of the Doomed Tomato {rElec rF+ Int-2 Dex+3 SInv}

@: in a heavenly storm, glowing, studying 5 skills, heavily drained, serpent's
lash
A: large, unfitting armour, claws 3, regeneration 1, shaggy fur 1, tough skin 1,
deformed body
}: 2/15 runes: decaying, serpentine
a: Renounce Religion, Evoke Invisibility, Wall Jump, Serpent's Lash, Heavenly
Storm


You were on level 3 of the Vaults.
You worshipped Wu Jian.
Wu Jian was exalted by your worship.
You visited 8 branches of the dungeon, and saw 37 of its levels.
You visited the Abyss 1 time.
You visited 1 bazaar.
You also visited: Trove, Bailey, Gauntlet, Ice Cave and Wizlab.

You collected 4056 gold pieces.
You spent 951 gold pieces at shops.

Inventory:

Missiles
 P - 2 throwing nets (quivered)
Armour
 a - the +0 cloak of Gepatiul (worn) {rC++ Str+4}
   (You found it in a Gauntlet)

   Str:       It affects your strength (+4).
   rC:        It greatly protects you from cold.
 h - the +6 tower shield "Yliriele" (worn) {+Inv Str-4 Stlth+}
   (You found it in a bailey)

   Str:       It affects your strength (-4).
   +Inv:      It lets you turn invisible.
   Stlth:     It makes you more stealthy.
 q - the +6 kite shield "Arhit" {rN++ Will- Slay+3}
   (You took it off a minotaur in a Gauntlet)

   Slay:      It affects your accuracy & damage with ranged weapons and melee
   (+3).
   rN:        It greatly protects you from negative energy.
   Will:      It decreases your willpower.
 L - quicksilver dragon scales
 T - a +2 hat (worn)
 U - +3 storm dragon scales (worn) {Bai Suzhen}
 Y - the +0 cloak of Sonutac {rElec Int+2 Dex+4}
   (You acquired it on level 3 of the Elven Halls)

   Int:       It affects your intelligence (+2).
   Dex:       It affects your dexterity (+4).
   rElec:     It insulates you from electricity.
Jewellery
 b - a ring of poison resistance
 m - the amulet "Qaaxot" (around neck) {Harm Will+ Regen+ Dex+3}
   (You took it off a deep elf annihilator on level 3 of the Elven Halls)

   [amulet of regeneration]

   Dex:       It affects your dexterity (+3).
   Regen:     It increases your rate of health regeneration.
   Harm:      It increases damage dealt and taken.
   Will:      It increases your willpower.
 t - the ring of the Doomed Tomato (right claw) {rElec rF+ Int-2 Dex+3 SInv}
   (You found it in a Gauntlet)

   [ring of protection from fire]

   Int:       It affects your intelligence (-2).
   Dex:       It affects your dexterity (+3).
   rF:        It protects you from fire.
   rElec:     It insulates you from electricity.
   SInv:      It lets you see invisible.
 u - a ring of resist corrosion
 z - a ring of willpower (left claw)
 B - an amulet of regeneration
 D - the ring "Gaschoog" {Ice rElec rN+}
   (You found it on level 8 of the Dungeon)

   [ring of ice]

   It enhances your ice magic.
   rF:        It makes you vulnerable to fire.
   rC:        It protects you from cold.
   rElec:     It insulates you from electricity.
   rN:        It protects you from negative energy.
 X - a +6 ring of intelligence
Wands
 s - a wand of iceblast (14)
 x - a wand of mindburst (11)
 A - a wand of quicksilver (8)
 E - a wand of digging (13)
 R - a wand of polymorph (7)
 S - a wand of flame (41)
 V - a wand of charming (31)
Scrolls
 d - 5 scrolls of teleportation
 e - 5 scrolls of enchant weapon
 f - 5 scrolls of vulnerability
 j - a scroll of blinking
 k - 5 scrolls of enchant armour
 n - 4 scrolls of fear
 o - 6 scrolls of fog
 y - 8 scrolls of torment
 G - 2 scrolls of butterflies
 I - 2 scrolls of silence
 J - 5 scrolls of magic mapping
 K - 9 scrolls of amnesia
 Q - 4 scrolls of poison
 W - 8 scrolls of immolation
Potions
 c - 5 potions of might
 g - 8 potions of flight
 i - 2 potions of haste
 l - 2 potions of brilliance
 r - a potion of ambrosia
 w - 14 potions of curing
 C - 2 potions of cancellation
 F - 3 potions of berserk rage
 M - 6 potions of lignification
 N - a potion of invisibility
 O - 8 potions of mutation
 Z - 3 potions of resistance
Miscellaneous
 p - a box of beasts
 v - a phantom mirror
 H - a lightning rod (4/4)


   Skills:
 - Level 13.3 Fighting
 - Level 9.9 Dodging
 - Level 14.0 Shields
 - Level 21.1 Unarmed Combat
 - Level 3.3 Spellcasting
 + Level 14.8 Transmutations
 + Level 17.4 Earth Magic


You had 27 spell levels left.
You didn't know any spells.
Your spell library contained the following spells:

 Spells                   Type           Power      Damage    Failure   Level
 Beastly Appendage        Tmut           62%        N/A       1%          1
 Wereblood                Tmut           31%        N/A       1%          2
 Lee's Rapid Deconstruct  Erth           18%        3d11*     10%         5
 Blade Hands              Tmut           15%        N/A       28%         5
 Stone Arrow              Conj/Erth      38%        3d9       36%         3
 Spider Form              Tmut/Pois      16%        N/A       54%         3
 Statue Form              Tmut/Erth      22%        N/A       67%         6
 Animate Armour           Summ/Erth      38%        N/A       78%         4
 Leda's Liquefaction      Hex/Erth       9%         N/A       78%         4
 Borgnjor's Vile Clutch   Necr/Erth      9%         N/A       98%         5
 Foxfire                  Conj/Fire      4%         2x1d4     99%         1
 Magic Dart               Conj           4%         1d3       99%         1
 Shock                    Conj/Air       4%         1d3       99%         1
 Slow                     Hex            4%         N/A       99%         1
 Alistair's Intoxication  Tmut/Pois      10%        N/A       99%         5
 Cigotuvi's Dreadful Rot  Necr/Pois/Air  2%         N/A       100%        2
 Poisonous Vapours        Pois/Air       2%         N/A       100%        2
 Scorch                   Fire           2%         2d5       100%        2
 Static Discharge         Conj/Air       2%         2-3/arc   100%        2
 Dazzling Flash           Conj/Hex       2%         N/A       100%        3
 Gell's Gravitas          Tloc           1%         N/A       100%        3
 Hailstorm                Conj/Ice       1%         3d3       100%        3
 Lesser Beckoning         Tloc           2%         N/A       100%        3
 Mephitic Cloud           Conj/Pois/Air  1%         N/A       100%        3
 Ozocubu's Armour         Ice            1%         N/A       100%        3
 Portal Projectile        Hex/Tloc       2%         N/A       100%        3
 Summon Guardian Golem    Hex/Summ       1%         N/A       100%        3
 Swiftness                Air            1%         N/A       100%        3
 Teleport Other           Tloc           1%         N/A       100%        3
 Tukima's Dance           Hex            1%         N/A       100%        3
 Vhi's Electric Charge    Tloc/Air       2%         N/A       100%        3
 Airstrike                Air            0%         2d(1-17)  100%        4
 Cause Fear               Hex            0%         N/A       100%        4
 Dispel Undead            Necr           1%         3d6       100%        4
 Flame Wave               Conj/Fire      1%         2d4       100%        4
 Fulminant Prism          Conj/Hex       0%         3d5       100%        4
 Manifold Assault         Tloc           1%         N/A       100%        4
 Sticky Flame             Conj/Fire      1%         2d3       100%        4
 Summon Lightning Spire   Summ/Air       1%         N/A       100%        4
 Arcjolt                  Conj/Air       0%         1d10      100%        5
 Fireball                 Conj/Fire      0%         3d3       100%        5
 Freezing Cloud           Conj/Ice/Air   0%         6-21      100%        5
 Iskenderun's Battlesphe  Conj           1%         2d6       100%        5
 Lightning Bolt           Conj/Air       0%         1d11      100%        5
 Silence                  Hex/Air        0%         N/A       100%        5
 Conjure Ball Lightning   Conj/Air       0%         3x3d6     100%        6
 Death Channel            Necr           0%         N/A       100%        6
 Dispersal                Tloc           0%         N/A       100%        6
 Eringya's Noxious Bog    Tmut/Pois      8%         N/A       100%        6
 Iron Shot                Conj/Erth      9%         9d3       100%        6
 Simulacrum               Ice/Necr       0%         N/A       100%        6
 Starburst                Conj/Fire      0%         6d3       100%        6
 Summon Cactus Giant      Summ           0%         N/A       100%        6
 Dragon Form              Tmut           15%        N/A       100%        7
 Ozocubu's Refrigeration  Ice            0%         4d7       100%        7
 Spellforged Servitor     Conj/Summ      0%         N/A       100%        7
 Borgnjor's Revivificati  Necr           0%         N/A       100%        8
 Disjunction              Tloc           0%         N/A       100%        8
 Lehudib's Crystal Spear  Conj/Erth      9%         10d4      100%        8
 Maxwell's Capacitive Co  Air            0%         ∞         100%        8
 Necromutation            Tmut/Necr      8%         N/A       100%        8
 Death's Door             Necr           0%         N/A       100%        9
 Dragon's Call            Summ           0%         N/A       100%        9
 Polar Vortex             Ice            0%         N/A       100%        9


Dungeon Overview and Level Annotations

Branches:
Dungeon (15/15)            Temple (1/1) D:5            Lair (5/5) D:8
  Swamp (4/4) Lair:3        Snake (4/4) Lair:2        Slime (0/5) Lair:4
    Orc (2/2) D:9             Elf (3/3) Orc:2        Vaults (3/5) D:14
  Crypt (0/3) Vaults:2     Depths (0/4) D:15         Bailey (visited)
  IceCv (visited)          WizLab (visited)         Gauntlet (visited)

Altars:
Ashenzari
Cheibriados
Dithmenos
Elyvilon
Fedhas
Gozag
Hepliaklqana
Kikubaaqudgha
Makhleb
Nemelex Xobeh
Okawaru
Qazlal
Ru
Sif Muna
Trog
Uskayaw
Vehumet
Wu Jian
Xom
Yredelemnul
Zin
The Shining One
Jiyva

Shops:
D:2 (   D:12 ?:   D:14 [!   Orc:1 **!   Orc:2 [=**   Snake:4 *   Vaults:3 (

Annotations:
D:7 3 runed translucent doors, lokiplouj's ghost, novice MiBe
Swamp:1 2 transporters, exclusion: obsidian statue
Swamp:2 3 runed translucent doors, exclusion: 2 lightning spires, Wiragh's ghost, adept DgHu
Swamp:3 3 runed translucent doors, contendunt's ghost, adept MiFi
Elf:1 2 transporters, Myfaogiy's ghost, adept MiFi
Vaults:3 Margery


Innate Abilities, Weirdness & Mutations

You are too large for most types of armour.
You have claws for hands.
Your natural rate of healing is unusually fast.
You are covered in fur. (AC +1)
You have tough skin. (AC +1)
Armour fits poorly on your strangely shaped body.


Message History

You block the ironbound thunderhulk's attack.
The tengu reaver hits you with a +1 great mace of holy wrath!
You block the tengu reaver's attack.
The tengu reaver claws you but does no damage.
The wizard hits you with a +2 dagger of freezing.
The ogre mage casts a spell.
The ogre mage flickers and vanishes for a moment.
The vault warden hits you with a +1 long sword of draining.
You feel drained.
Unknown command.
You eviscerate the vault warden!!!
You kill the vault warden!
The Council accepts your kill.
The runic seal fades away.
You block the tengu reaver's attack. The tengu reaver pecks you.
You block the tengu reaver's attack.
You have reached level 22!
You open the door. You block the hell knight's attack.
You block the wizard's attack.
The vault warden activates a sealing rune.
A door slams shut!
The ironbound thunderhulk hits you with a +0 dire flail!
The tengu reaver hits you with a +1 great mace of holy wrath!
* * * LOW HITPOINT WARNING * * *
You block the tengu reaver's attack. The tengu reaver claws you.
* * * LOW HITPOINT WARNING * * *
Unknown command.
The air is filled with shimmering golden clouds!
Sifu Yunchang says: The storm will not cease as long as you keep fighting, disciple!
You block the wizard's attack.
The ironbound thunderhulk hits you with a +0 dire flail!!
* * * LOW HITPOINT WARNING * * *
You block the tengu reaver's attack. x2
The tengu reaver claws you but does no damage.
Unknown command.
Your muscles tense, ready for explosive movement...
You eviscerate the ironbound thunderhulk!!!
The ironbound thunderhulk is heavily wounded.
You block the wizard's attack.
The ironbound preserver hits you with a +0 flail!!
You die...

*****.,,,** #...∩..#
*,,,*#.,***** #......# **
*,,,##..*,,,* #......#
,***,,,....#,,,* #......#
,+,**,,...GJ.,,####......#
,+,,,,,....pC###.###'#######
,*,,,,,..cpOc)kcJ#.........#
,+,,,**,,p*#CHLpQ#.........#
,+,****,,,*###pp@#.........#
**** *,,,* ###O+.........# *
***** ###..<......# *
#.........# ###########
##********************
..,,,,,,,,,,,*,*,*,*,**** *****
..,,,,,,,,,,,+,,,+,,,*,,***,,,*
..,,,,,,,,,,,*,,,+,,,*,,+,*,,,*


You could see an ironbound preserver (sheltered), an ancient lich (fast,
invisible, sheltered), an ironbound thunderhulk, a tengu reaver, a yaktaur
captain, a hell knight (fast), a slime creature (sheltered), a lindwurm and a
wizard (invisible).

Vanquished Creatures
  An ancient lich (Abyss:3)
  the Lernaean hydra (Swamp:4)
  Bai Suzhen (Snake:3)
  The ghost of Wimurch the Peltast, a veteran GnFi of Qazlal (Vaults:2)
  Vashnia (Snake:2)
  2 bone dragons (Abyss:3)
  Rupert (D:15)
  Mlioglotl (Snake:4)
  Jorgrun (D:15)
  2 deep elf master archers (Elf:3)
  Asterion (Snake:4)
  A lich (Abyss:3)
  A deep elf blademaster (Elf:2)
  An ancient champion (Vaults:1)
  6 tentacled starspawn (Abyss:3)
  Gastronok (Lair:3)
  A thorn hunter (Swamp:3)
  Frances (Snake:2)
  Agnes (Elf:2)
  Kirke (Elf:1)
  Roxanne (Snake:3)
  A revenant (Abyss:3)
  4 nagarajas
  A storm dragon (Vaults:1)
  Aizul (Swamp:1)
  8 deep elf sorcerers
  A vault warden (Vaults:3)
  Louise (Snake:3)
  5 deep elf elementalists
  A cacodemon (Abyss:3)
  2 ghouls (Swamp:3)
  4 very ugly things
  2 ironbound thunderhulks
  13 ironbound preservers
  An orc warlord (Vaults:1)
  A quicksilver ooze (Gauntlet)
  3 deep elf demonologists (Elf:3)
  5 eleionomae
  Nessos (Lair:3)
  A minotaur (Gauntlet)
  3 bunyips
  A lorocyproca (Abyss:3)
  11 deep elf annihilators
  16 dire elephants
  8 deep elf death magi
  An eidolon (Vaults:2)
  2 jiangshi (Abyss:3)
  An ettin (D:14)
  2 yaktaur captains
  8 deep elf high priests
  2 entropy weavers (Vaults:1)
  Josephine (D:13)
  A blizzard demon (Abyss:3)
  2 great orbs of eyes
  A great orb of eyes (shapeshifter) (Abyss:3)
  2 ogre magi
  19 hydras
  A rakshasa (Abyss:3)
  3 salamander tyrants (Snake:4)
  4 catoblepae
  3 ironbound frosthearts
  7 anacondas
  14 centaur warriors
  A ghost crab (Swamp:1)
  4 boulder beetles
  5 two-headed ogres
  4 death yaks (Lair:5)
  9 naga warriors
  A vampire mage (Swamp:1)
  4 hell hogs (Abyss:3)
  24 dancing weapons
  2 tengu warriors
  4 alligators
  12 naga sharpshooters
  3 orc high priests (Orc:2)
  20 deep elf knights
  7 shock serpents
  3 salamander mystics (Snake:4)
  Urug (Lair:1)
  10 thrashing horrors (Abyss:3)
  6 wretched stars (Abyss:3)
  A hell knight (Vaults:3)
  9 large abominations (Abyss:3)
  2 sixfirhies (Abyss:3)
  2 spatial maelstroms (Abyss:3)
  4 spriggan druids
  2 glowing orange brains (Abyss:3)
  7 goliath frogs
  37 deep trolls
  A shadow demon (Abyss:3)
  15 swamp dragons
  A phantasmal warrior (Vaults:3)
  6 naga ritualists
  A bog body (Lair:3)
  5 lindwurms
  5 ironbound convokers
  23 starcursed masses (Abyss:3)
  2 necromancers
  5 wizards
  12 ugly things
  5 deep elf archers
  9 orc knights
  10 mana vipers
  2 oklob plants
  28 deep elf pyromancers
  27 deep elf zephyrmancers
  7 orc sorcerers
  10 salamanders
  A sphinx skeleton (Vaults:2)
  A moth of wrath (shapeshifter) (Elf:2)
  7 will-o-the-wisps
  3 centaur zombies (D:15)
  An elephant (shapeshifter) (Vaults:2)
  5 manticores
  A worldbinder (Abyss:3)
  7 cyclopes
  A guardian serpent (shapeshifter) (Abyss:3)
  10 vault sentinels
  A water nymph (shapeshifter) (Elf:2)
  3 guardian serpents
  8 smoke demons
  16 cane toads
  An ice statue (IceCv)
  4 elephants (Lair:4)
  An apocalypse crab (Abyss:3)
  34 black mambas
  14 naga magi
  A torpor snail (Lair:4)
  2 gargoyles (D:13)
  A centaur skeleton (D:15)
  5 rime drakes
  3 unseen horrors (D:13)
  3 efreet (D:13)
  5 komodo dragons
  A freezing wraith (D:15)
  2 tengu conjurers
  A kobold demonologist (D:13)
  8 yaktaurs
  A queen bee (shapeshifter) (Abyss:3)
  2 red devils (Gauntlet)
  6 ancient zymes (Abyss:3)
  16 polar bears (IceCv)
  6 meliai (D:15)
  5 trolls
  A bloated husk (Swamp:1)
  A tarantella (Vaults:1)
  20 blink frogs
  9 tyrant leeches
  15 hornets
  Prince Ribbit (D:8)
  4 raiju (Abyss:3)
  An air elemental (Elf:2)
  15 slime creatures
  9 flying skulls (Abyss:3)
  11 small abominations
  A shadow (D:11)
  Sigmund (D:4)
  12 wraiths
  14 spriggans
  3 ynoxinuls (Abyss:3)
  A jumping spider (Vaults:1)
  4 water elementals
  70 yaks
  4 wyverns
  Eustachio (D:6)
  A hog (Elf:1)
  A fire elemental (Elf:1)
  A steam dragon (D:10)
  5 chaos spawn (Abyss:3)
  A neqoxec (Abyss:3)
  8 redbacks (Elf:2)
  2 basilisks
  A human simulacrum (Vaults:2)
  12 vampire mosquitoes
  5 wargs
  13 swamp worms
  A harpy simulacrum (Abyss:3)
  Edmund (D:5)
  36 nagas
  An acid dragon (D:10)
  5 hell hounds (Abyss:3)
  11 water moccasins
  9 swamp drakes
  39 orc warriors
  A glowing shapeshifter skeleton (Vaults:2)
  A black bear (D:4)
  2 ice beasts
  3 sky beasts
  2 boggarts (Abyss:3)
  10 ogres
  27 wolves
  A phantom (D:5)
  9 centaurs
  A kobold brigand (D:8)
  2 necrophages
  11 bullfrogs
  A human skeleton (Vaults:2)
  A naga simulacrum (Abyss:3)
  An earth elemental (Elf:3)
  10 wights
  12 killer bees
  An electric eel (Lair:5)
  4 howler monkeys
  8 crimson imps (Gauntlet)
  A quasit (Abyss:3)
  3 hounds
  An iron imp (Abyss:3)
  A jelly (D:5)
  Crazy Yiuf (D:2)
  20 orc priests
  2 gnoll boudas
  2 iguanas (D:5)
  11 orc wizards
  11 hell rats
  A boggart simulacrum (D:15)
  7 gnolls
  2 adders (D:5)
  13 river rats (Lair:1)
  2 shadow imps
  A white imp (Abyss:3)
  3 ufetubi
  A worm (D:5)
  A dart slug (D:2)
  87 orcs
  2 ball pythons
  2 endoplasms (D:1)
  4 giant cockroaches
  11 goblins
  7 hobgoblins
  7 jackals
  9 quokkas
  3 bats
  3 frilled lizards
  12 kobolds
  16 rats
  5 starspawn tentacles (Abyss:3)
1453 creatures vanquished.

Vanquished Creatures (others)
  Erica (D:9)
  2 deep elf knights (Elf:3)
  A blink frog (Lair:3)
  3 golden eyes (Abyss:3)
  A human (Elf:1)
  A small abomination (Abyss:3)
  A wolf (IceCv)
  An orc wizard (Orc:2)
  2 ball lightnings (Swamp:2)
  24 demonic plants (Gauntlet)
  36 foxfires
  21 fungi
  A lurking horror (Abyss:3)
  70 plants
  20 starspawn tentacles (Abyss:3)
185 creatures vanquished.

Grand Total: 1638 creatures vanquished

Notes
Turn   | Place    | Note
-------+----------+-------------------------------------------
     0 | D:1      | cforsyth the Troll Fighter began the quest for the Orb.
     0 | D:1      | Reached XP level 1. HP: 22/22 MP: 0/0
   176 | D:1      | Reached XP level 2. HP: 27/29 MP: 1/1
   643 | D:2      | Found Fijurghuyfo's Antique Weapon Shop.
   772 | D:2      | Reached XP level 3. HP: 36/36 MP: 2/2
   851 | D:2      | Found a runed translucent door.
   852 | D:2      | Noticed Crazy Yiuf
  1010 | D:2      | Reached skill level 3 in Unarmed Combat
  1308 | D:2      | Killed Crazy Yiuf
  1309 | D:2      | Reached XP level 4. HP: 33/44 MP: 3/3
  2054 | D:4      | Noticed a black bear
  2068 | D:4      | Killed a black bear
  2069 | D:4      | Reached skill level 4 in Unarmed Combat
  2069 | D:4      | Reached XP level 5. HP: 29/53 MP: 4/4
  2404 | D:4      | Noticed Sigmund
  2412 | D:4      | Killed Sigmund
  2413 | D:4      | Reached XP level 6. HP: 51/61 MP: 5/5
  2663 | D:5      | Entered Level 5 of the Dungeon
  2667 | D:5      | Reached skill level 5 in Unarmed Combat
  2737 | D:5      | Noticed an ice beast
  2762 | D:5      | Reached XP level 7. HP: 47/68 MP: 6/6
  2909 | D:5      | Reached skill level 6 in Unarmed Combat
  3229 | D:5      | Identified the -2 cloak of the Elven Halls {Harm rN+ MP+9}
  3252 | D:5      | Reached skill level 5 in Shields
  3252 | D:5      | Reached XP level 8. HP: 77/79 MP: 7/7
  3280 | D:5      | Noticed Edmund
  3293 | D:5      | Killed Edmund
  3294 | D:5      | Reached skill level 7 in Unarmed Combat
  3429 | D:5      | Found a staircase to the Ecumenical Temple.
  3614 | D:6      | Noticed Eustachio
  3648 | D:6      | Killed Eustachio
  4051 | D:5      | Reached skill level 5 in Fighting
  4320 | D:6      | Reached skill level 8 in Unarmed Combat
  4646 | D:7      | Noticed a slime creature
  4647 | D:7      | Noticed lokiplouj's ghost (novice MiBe)
  4651 | D:7      | Found a runed translucent gate.
  4651 | D:7      | Found a runed translucent gate.
  4651 | D:7      | Found a runed translucent gate.
  5199 | D:8      | Reached XP level 9. HP: 88/88 MP: 8/8
  5226 | D:8      | Found a flagged portal.
  5239 | D:8      | Identified the ring "Gaschoog" {Ice rElec rN+}
  5244 | Bailey   | Entered a bailey
  5387 | Bailey   | Identified the +6 trident of Imminent Death {pain, rElec
                  | rC- Str+2 Int+3}
  5388 | Bailey   | Identified the +6 tower shield "Yliriele" {+Inv Str-4
                  | Stlth+}
  5411 | Bailey   | Reached skill level 9 in Unarmed Combat
  5607 | D:8      | Noticed Prince Ribbit
  5614 | D:8      | Killed Prince Ribbit
  5644 | D:8      | Noticed a salamander
  5717 | D:8      | Found a staircase to the Lair.
  5875 | D:8      | Noticed a manticore
  5876 | D:8      | Noticed a cyclops
  5997 | D:9      | Reached skill level 10 in Unarmed Combat
  6061 | D:9      | Reached XP level 10. HP: 96/100 MP: 9/9
  6439 | D:10     | Entered Level 10 of the Dungeon
  6439 | D:10     | Found a portal to a secret trove of treasure.
  6486 | D:10     | Reached skill level 11 in Unarmed Combat
  6877 | Temple   | Entered the Ecumenical Temple
  7327 | D:8      | Noticed a shock serpent
  7329 | D:8      | Noticed a four-headed hydra
  7380 | D:9      | Noticed a tengu warrior
  7397 | D:9      | Killed a tengu warrior
  7429 | D:9      | Noticed Erica
  7444 | D:9      | Killed Erica
  7552 | D:9      | Found a staircase to the Orcish Mines.
  7832 | D:10     | Found a burning altar of Makhleb.
  7853 | D:10     | Noticed a green ugly thing
  7860 | D:10     | Killed a green ugly thing
  7922 | D:10     | Reached XP level 11. HP: 102/109 MP: 10/10
  7934 | D:10     | Found a glowing silver altar of Zin.
  7936 | D:10     | Found a hide-covered altar of Uskayaw.
  7939 | D:10     | Found a snail-covered altar of Cheibriados.
  7944 | D:10     | Found an ancient bone altar of Kikubaaqudgha.
  7947 | D:10     | Found an ornate altar of the Wu Jian Council.
  7950 | D:10     | Found a bloodstained altar of Trog.
  7953 | D:10     | Found a blossoming altar of Fedhas.
  7956 | D:10     | Found a broken altar of Ashenzari.
  7974 | D:10     | Became a worshipper of the Wu Jian Council
  8150 | D:10     | Reached skill level 12 in Unarmed Combat
  8351 | D:11     | Identified a scroll of acquirement
  8351 | D:11     | Acquired a manual of Unarmed Combat
  8436 | D:11     | Found a gate leading to a gauntlet.
  8446 | Gauntlet | Entered a Gauntlet
  8446 | Gauntlet | Found a transporter.
  8455 | Gauntlet | Found a transporter.
  8470 | Gauntlet | Found a transporter.
  8475 | Gauntlet | Found a transporter.
  8475 | Gauntlet | Noticed a death scarab
  8476 | Gauntlet | Noticed a ghost crab
  8490 | Gauntlet | Found a transporter.
  8505 | Gauntlet | Noticed a death scarab
  8509 | Gauntlet | Found a transporter.
  8521 | Gauntlet | Found a transporter.
  8539 | Gauntlet | Found a transporter.
  8545 | Gauntlet | Found a transporter.
  8554 | Gauntlet | Found a transporter.
  8558 | Gauntlet | Noticed a quicksilver ooze
  8566 | Gauntlet | Found a transporter.
  8583 | Gauntlet | Found a transporter.
  8583 | Gauntlet | Found a transporter.
  8603 | Gauntlet | Found a transporter.
  8619 | Gauntlet | Noticed a ghost crab
  8637 | Gauntlet | Found a transporter.
  8714 | Gauntlet | Found a transporter.
  8741 | Gauntlet | Found a transporter.
  8741 | Gauntlet | Found a transporter.
  9527 | Gauntlet | Killed a quicksilver ooze
  9527 | Gauntlet | Reached * piety under Wu Jian
  9528 | Gauntlet | Reached skill level 13 in Unarmed Combat
  9531 | Gauntlet | Identified the +0 cloak of Gepatiul {rC++ Str+4}
  9554 | Gauntlet | Identified the +1 swamp dragon scales of the Shoals
                  | {Rampage rPois}
  9554 | Gauntlet | Identified the +6 kite shield "Arhit" {rN++ Will- Slay+3}
  9554 | Gauntlet | Noticed a minotaur
  9569 | Gauntlet | Killed a minotaur
  9570 | Gauntlet | Reached skill level 5 in Dodging
  9577 | Gauntlet | Identified the ring of the Doomed Tomato {rElec rF+ Int-2
                  | Dex+3 SInv}
  9901 | D:11     | Noticed a two-headed ogre
  9913 | D:11     | Killed a two-headed ogre
  9914 | D:11     | Reached skill level 14 in Unarmed Combat
 10302 | D:12     | Found Uristrinn's Magic Scroll Shoppe.
 10309 | D:12     | Bought a scroll of torment for 114 gold pieces
 10309 | D:12     | Bought a scroll of magic mapping for 90 gold pieces
 10502 | D:12     | Found Ubbuimus's Book Shoppe.
 10611 | D:12     | Reached XP level 12. HP: 122/122 MP: 11/11
 10790 | D:12     | Noticed a boulder beetle
 10805 | D:12     | Killed a boulder beetle
 10833 | D:12     | Found an iron altar of Okawaru.
 11078 | Lair:1   | Entered Level 1 of the Lair of Beasts
 11150 | Lair:1   | Reached skill level 15 in Unarmed Combat
 11229 | Lair:1   | Reached ** piety under Wu Jian
 11270 | Lair:1   | Noticed Urug
 11549 | Lair:1   | Killed Urug
 11817 | Lair:1   | Reached *** piety under Wu Jian
 12235 | Lair:1   | Found a bloodstained altar of Trog.
 12247 | Lair:1   | Reached skill level 16 in Unarmed Combat
 12384 | Lair:2   | Found a staircase to the Snake Pit.
 13044 | Lair:3   | Found a staircase to the Swamp.
 13044 | Lair:3   | Noticed Gastronok
 13056 | Lair:3   | Reached skill level 10 in Shields
 13076 | Lair:3   | Killed Gastronok
 13231 | Lair:3   | Reached skill level 17 in Unarmed Combat
 13231 | Lair:3   | Reached XP level 13. HP: 108/131 MP: 12/12
 13304 | Lair:3   | Noticed Nessos
 13516 | Lair:3   | Killed Nessos
 13593 | Lair:3   | Reached **** piety under Wu Jian
 14443 | Lair:4   | Found a viscous altar of Jiyva.
 14443 | Lair:4   | Found a staircase to the Slime Pits.
 14550 | Lair:4   | Found a blossoming altar of Fedhas.
 14606 | Lair:4   | Reached skill level 18 in Unarmed Combat
 14927 | Lair:5   | Entered Level 5 of the Lair of Beasts
 15440 | Lair:5   | Reached skill level 10 in Fighting
 15493 | Lair:5   | Reached ***** piety under Wu Jian
 16195 | Lair:5   | Reached XP level 14. HP: 143/143 MP: 13/13
 16844 | Orc:1    | Entered Level 1 of the Orcish Mines
 16859 | Orc:1    | Found a frozen archway.
 16868 | IceCv    | Entered an ice cave
 17265 | IceCv    | Reached skill level 19 in Unarmed Combat
 17470 | Orc:1    | Reached ****** piety under Wu Jian
 17538 | Orc:1    | Found Zutheyromey's Distillery.
 17592 | Orc:1    | Bought a potion of mutation for 112 gold pieces
 17592 | Orc:1    | Bought a potion of degeneration for 14 gold pieces
 17793 | Orc:1    | Found Qeotap's Assorted Antiques.
 17813 | Orc:1    | Bought a scroll of blinking for 180 gold pieces
 17868 | Orc:1    | You fall into a shaft and drop 1 floor!
 17868 | Orc:2    | Entered Level 2 of the Orcish Mines
 17896 | Orc:1    | Found Qiceerid's CLEARANCE SALE!.
 18109 | Orc:2    | Paralysed by an orc sorcerer for 2 turns
 18169 | Orc:2    | Found a staircase to the Elven Halls.
 18312 | Orc:2    | Paralysed by an orc sorcerer for 3 turns
 18632 | Orc:2    | Found Emylachau's Armour Boutique.
 18637 | Orc:2    | Found Raawounk's General Store.
 18644 | Orc:2    | Found Zutz's Assorted Antiques.
 18646 | Orc:2    | Found Coemik's Jewellery Boutique.
 19206 | D:13     | Reached XP level 15. HP: 96/153 MP: 14/14
 19252 | D:13     | Noticed Josephine
 19260 | D:13     | Killed Josephine
 19714 | D:13     | Reached skill level 20 in Unarmed Combat
 19966 | D:14     | Found Ygrigivvo's Distillery.
 20169 | D:14     | Found Qucveh's Armour Emporium.
 20212 | D:14     | Found a gate to the Vaults.
 20241 | D:14     | Found Kukuis's General Store.
 20351 | D:15     | Entered Level 15 of the Dungeon
 20351 | D:15     | Noticed Jorgrun
 20364 | D:15     | Killed Jorgrun
 20431 | D:15     | Found a shadowy altar of Dithmenos.
 20521 | D:15     | Found a staircase to the Depths.
 20870 | D:15     | Noticed Rupert
 20881 | D:15     | Killed Rupert
 21408 | Snake:1  | Entered Level 1 of the Snake Pit
 21438 | Snake:1  | Identified the +4 long sword "Woimumof" {vorpal, rC- rN+
                  | MP+9 Dex+4}
 22730 | Snake:1  | Reached XP level 16. HP: 165/165 MP: 15/15
 22868 | Snake:2  | Noticed Frances
 22875 | Snake:2  | Killed Frances
 22876 | Snake:2  | Reached skill level 21 in Unarmed Combat
 23677 | D:10     | You paid a toll of 5 potions of resistance to enter a
                  | treasure trove
 23678 | Trove    | Entered a treasure trove
 23721 | Trove    | Got Sif Muna's Almanac of Dynamic Coordinates
 23731 | Trove    | Got Sif Muna's Compilation of the Tempest and Bolts
 23740 | Trove    | Got Sif Muna's Directory of Hexes and the Atmosphere
 23897 | Snake:3  | Noticed Vashnia
 23954 | Snake:2  | Killed Vashnia
 24256 | Snake:3  | Reached skill level 1 in Spellcasting
 24665 | Snake:3  | Noticed Roxanne
 24798 | Snake:3  | Reached skill level 1 in Earth Magic
 24965 | Snake:3  | Reached skill level 1 in Transmutations
 25309 | Snake:3  | Noticed Louise
 25331 | Snake:3  | Killed Louise
 25698 | Snake:3  | Killed Roxanne
 25837 | Swamp:1  | Entered Level 1 of the Swamp
 25963 | Swamp:1  | Noticed Aizul
 25980 | Swamp:1  | Killed Aizul
 25992 | Swamp:1  | Found a transporter.
 26242 | Swamp:1  | Noticed a tentacled monstrosity
 26244 | Swamp:1  | Noticed a tentacled monstrosity
 26325 | Swamp:1  | Found a transporter.
 26752 | Swamp:2  | Found a runed translucent gate.
 26752 | Swamp:2  | Found a runed translucent gate.
 26752 | Swamp:2  | Found a runed translucent gate.
 26752 | Swamp:2  | Noticed Wiragh's ghost (adept DgHu)
 27687 | Swamp:3  | Reached skill level 5 in Earth Magic
 27693 | Swamp:3  | Reached XP level 17. HP: 75/178 MP: 20/20
 27899 | Swamp:3  | Found a runed translucent gate.
 27899 | Swamp:3  | Found a runed translucent gate.
 27899 | Swamp:3  | Found a runed translucent gate.
 28253 | Swamp:3  | Noticed contendunt's ghost (adept MiFi)
 28266 | Swamp:4  | Entered Level 4 of the Swamp
 28570 | Swamp:3  | Reached skill level 5 in Transmutations
 30476 | Swamp:4  | Noticed the 27-headed Lernaean hydra
 31234 | Swamp:4  | Killed the 27-headed Lernaean hydra
 31527 | Swamp:3  | HP: 8/178 [18-headed hydra[a spriggan druid] (10)]
 32018 | Swamp:4  | Got a decaying rune of Zot
 32338 | Snake:4  | Entered Level 4 of the Snake Pit
 32344 | Snake:4  | Noticed Mlioglotl
 32357 | Snake:4  | Killed Mlioglotl
 32820 | Snake:4  | Noticed Bai Suzhen
 32842 | Snake:3  | Killed Bai Suzhen
 33805 | Snake:4  | Found Tefoz's General Store.
 33808 | Snake:4  | Found Mautug's Specific Store.
 33820 | Snake:4  | Bought a scroll of teleportation for 45 gold pieces
 33996 | Snake:4  | Identified the +0 longbow of Instinct {freeze, Will+ MP-9
                  | Int+4 Stlth+}
 34016 | Snake:4  | Noticed Asterion
 34045 | Snake:4  | Killed Asterion
 34404 | Snake:4  | Reached XP level 18. HP: 171/185 MP: 21/21
 34410 | Snake:4  | Reached XP level 19. HP: 191/193 MP: 22/22
 34437 | Snake:4  | Reached skill level 10 in Earth Magic
 34764 | Snake:4  | Identified the +4 mace "Kadaruve" {vorpal, rC+ Dex+3}
 35280 | Snake:4  | Got a serpentine rune of Zot
 35634 | Elf:1    | Entered Level 1 of the Elven Halls
 35907 | Elf:1    | Noticed Kirke
 35919 | Elf:1    | Killed Kirke
 36258 | Elf:1    | Found a transporter.
 36266 | Elf:1    | Found the +4 skin of Zhor {*Englaciate rC+++ SInv}
 36267 | Elf:1    | Noticed Myfaogiy's ghost (adept MiFi)
 36326 | Elf:1    | Found a transporter.
 37033 | Elf:2    | Paralysed by an air elemental for 1 turns
 37482 | Elf:1    | Found an ancient bone altar of Kikubaaqudgha.
 37699 | Elf:2    | Reached skill level 10 in Transmutations
 37915 | Elf:2    | Found a runed translucent gate.
 37916 | Elf:2    | Found a runed translucent gate.
 37916 | Elf:2    | Found a runed translucent gate.
 38614 | Elf:2    | Noticed Agnes
 38762 | Elf:2    | Killed Agnes
 39058 | Elf:3    | Entered Level 3 of the Elven Halls
 39324 | Abyss:3  | Cast into level 3 of the Abyss (a deep elf sorcerer)
 39482 | Abyss:3  | Found a corrupted altar of Lugonu.
 39501 | Abyss:3  | Noticed a hellephant
 39722 | Abyss:3  | Reached XP level 20. HP: 171/202 MP: 23/23
 39893 | Abyss:3  | Found a corrupted altar of Lugonu.
 40076 | Abyss:3  | Noticed a bone dragon
 40744 | Abyss:3  | Gained mutation: Armour fits poorly on your strangely
                  | shaped body. [a neqoxec]
 41022 | Abyss:3  | Noticed a bone dragon
 41308 | Abyss:3  | Noticed a bone dragon
 41322 | Abyss:3  | Killed a bone dragon
 41380 | Abyss:3  | Identified the +3 quarterstaff of the Stoat {vorpal, rPois
                  | rC++ Dex+3}
 41479 | Abyss:3  | Noticed a bone dragon
 41479 | Abyss:3  | Noticed an ancient lich
 41507 | Abyss:3  | Killed an ancient lich
 41517 | Abyss:3  | Killed a bone dragon
 41546 | Elf:3    | Escaped the Abyss
 42311 | Elf:3    | Reached skill level 15 in Earth Magic
 42742 | Elf:3    | Identified the amulet "Qaaxot" {Harm Will+ Regen+ Dex+3}
 43076 | Elf:3    | Found a gateway to a bazaar.
 43086 | Bazaar   | Entered a bazaar
 43086 | Bazaar   | Found Laigi's General Store.
 43086 | Bazaar   | Found Ciseczar's Book Shop.
 43086 | Bazaar   | Found Downeam's Magic Scroll Shoppe.
 43086 | Bazaar   | Found Ihaeharat's Book Shop.
 43093 | Bazaar   | Found Gaemmiunae's Weapon Shoppe.
 43093 | Bazaar   | Found Poll's Book Boutique.
 43117 | Bazaar   | Bought a scroll of magic mapping for 60 gold pieces
 43117 | Bazaar   | Bought a scroll of fog for 32 gold pieces
 43117 | Bazaar   | Bought a scroll of fear for 32 gold pieces
 43120 | Bazaar   | Bought a scroll of teleportation for 39 gold pieces
 43120 | Bazaar   | Bought a scroll of teleportation for 39 gold pieces
 43120 | Bazaar   | Bought a scroll of enchant armour for 97 gold pieces
 43120 | Bazaar   | Bought a scroll of magic mapping for 97 gold pieces
 43517 | Elf:3    | Reached XP level 21. HP: 136/210 MP: 24/24
 43885 | Elf:3    | Found the +6 lightning scales {swift, rElec}
 43930 | Elf:3    | Acquired the +0 cloak of Sonutac {rElec Int+2 Dex+4}
 44412 | Vaults:1 | Entered Level 1 of the Vaults
 46067 | Vaults:2 | Identified the +4 great sword "Raploihu" {vorpal, rN+}
 47110 | Vaults:2 | Found a staircase to the Crypt.
 47404 | Vaults:2 | Found a runed translucent door.
 47404 | Vaults:2 | Noticed Wimurch's ghost (veteran GnFi)
 47604 | Vaults:2 | Killed Wimurch's ghost
 47699 | Vaults:3 | Found Acoul's Antique Weapon Shop.
 47844 | Vaults:3 | Found a magical portal.
 47849 | WizLab   | Entered Cigotuvi's Fleshworks
 48403 | Vaults:3 | Noticed Margery
 48437 | Vaults:3 | HP: 1/210 [vault warden/+0 great mace (18)]
 48562 | Vaults:3 | Noticed an ancient lich
 48581 | Vaults:3 | Reached XP level 22. HP: 78/187 MP: 25/25
 48583 | Vaults:3 | Slain by an ironbound preserver

Illustrated notes

Levels and vault maps discovered:
D:1:      minmay_arrival_plants_in_alcoves, layout_loops_ring
D:2:      minmay_diamond_boxcup, layout_rooms, serial_curves, eino_curves_03,
          eino_curves_02, serial_shops, nicolae_shop_overgrown_old_shop,
          uniq_crazy_yiuf_cottage
D:3:      layout_basic, grunt_decor_junction
D:4:      layout_loops_ring, uniq_sigmund
D:5:      layout_loops_cross, temple_statues, uniq_edmund
D:6:      layout_layer_cave, uniq_eustachio
D:7:      layout_loops_ring, gammafunk_ghost_split,
          chequers_serial_rivers_small_3
D:8:      layout_rooms, dpeg_oklobed_lair, enter_bailey_3,
          onia_ninara_dug_in_and_dangerous, uniq_prince_ribbit1
D:9:      layout_long_grid, david_orc_5, uniq_erica
D:10:     layout_rooms, nicolae_overflow_hallway_of_the_gods, bloody_makhleb,
          nicolae_trove_entry_free_sample, minmay_holes
D:11:     layout_irregular_city, gauntlet_entry_generic
D:12:     layout_roguey, serial_shops, shop, kennysheep_mini, kennysheep_diamond
D:13:     nzn_winding_woodlands_medium [nzn_winding_woodlands_5x5_default,
          nzn_winding_woodlands_5x15_split_checker,
          nzn_winding_woodlands_5x5_open_star,
          nzn_winding_woodlands_5x5_closed_star,
          nzn_winding_woodlands_center_garden, nzn_winding_woodlands_hourglass,
          nzn_winding_woodlands_5x5_checkerboard,
          nzn_winding_woodlands_5x15_concentric,
          nzn_winding_woodlands_5x5_perimeter], layout_gridville, drop_trap,
          uniq_josephine
D:14:     layout_rooms, david_vaults_2, serial_shops, kennysheep_mini_moat,
          nicolae_stop_n_shop_2, nicolae_shop_stone, dreamdust_wishing_well
D:15:     grunt_enter_depths_magical_seal, layout_cross,
          minmay_misc_feat_four_crosses, nicolae_dithmenos_the_darkroom,
          uniq_rupert, uniq_jorgrun
Temple:   oiseaux_autumnal_temple
Lair:1:   lemuel_ratsnest, layout_cave_shapes, lemuel_oklob_altar,
          serial_bayou_shore_b, uniq_urug
Lair:2:   layout_regular_city, minmay_snake_entry_guardpost_small
Lair:3:   layout_gridlike, skrybe_swamp_entry_bodies, grunt_megastairs_3,
          uniq_gastronok, uniq_nessos
Lair:4:   layout_hall_layers, dpeg_slime_entry_enclosed, tgw_fedhas,
          infiniplex_staircase_pool_2
Lair:5:   evilmike_catoblepas_cave, layout_gridlike,
          chequers_serial_rivers_micro_b, grunt_forest_small_clearing_treed,
          lemuel_fruit_tree, lemuel_fruit_fields
Swamp:1:  gammafunk_sealed_arena, layout_falls_marsh,
          evilmike_swamp_ruin_house_2, swamp_pool5,
          cheibrodos_swamp_pet_leeches, uniq_aizul
Swamp:2:  layout_basic_swamp, gammafunk_ghost_necromancy,
          evilmike_swamp_ruin_rubble_1, swamp_pool1, hangedman_swamp_phenomena
Swamp:3:  layout_basic_swamp, gammafunk_ghost_hydra_chop,
          nicolae_swamp_dense_foliage
Swamp:4:  swamp_alternative, layout_basic_swamp, swamp_pool5
Snake:1:  layout_cave_shapes, corexii_hall_statues_u, serial_bayou_shore_b
Snake:2:  layout_onion, uniq_frances
Snake:3:  layout_chambers, uniq_roxanne, uniq_vashnia, uniq_louise
Snake:4:  johnstein_snake_rune_scales, layout_cave_town, nicolae_specific_store,
          uniq_mlioglotl, uniq_asterion, uniq_bai_suzhen
Orc:1:    layout_caves, serial_shops, nicolae_shop_waterfront, shop,
          portal_ice_cave_entry_pillars_1, nicolae_shop_clearance
Orc:2:    st_orc_elflike, layout_caves
Elf:1:    elf_arrival_001, layout_onion_city, gammafunk_ghost_berserking_beasts,
          kennysheep_underground_church, lemuel_upstairs_altar, uniq_kirke
Elf:2:    nicolae_elf_blades_crystal_corner, layout_geoelf_octagon, drop_trap,
          uniq_agnes
Elf:3:    minmay_elf_hall_four_x, layout_loops_corners, serial_shops,
          freezing_bzr, lemuel_flamethrower_3
Vaults:1: v_misc_1, vaults_room_door_ring, vaults_room_fours,
          vaults_room_door_hall, ontoclasm_vaults_decontamination,
          nicolae_vaults_specimen_jars, st_spiral_rooms, hangedman_vaults_snaps,
          vaults_mumra_lcd, vaults_standard_mumra_enter_the_diamond,
          nicolae_vaults_little_squares_3, grunt_vaults_diagonal,
          hangedman_vaults_corner_blocks, layout_vaults_maze_bifur
Vaults:2: ebering_ghost_inner_flame, nicolae_vaults_network_quincunx
          [nicolae_vaults_network_quincunx_subvault,
          nicolae_vaults_network_quincunx_subvault,
          nicolae_vaults_network_quincunx_subvault,
          nicolae_vaults_network_quincunx_subvault,
          nicolae_vaults_network_quincunx_subvault],
          minmay_crypt_entry_simple_corners, v_misc_4,
          hangedman_vaults_river_flow, grunt_vaults_focal, vaults_room_grid,
          layout_vaults_omnigrid
Vaults:3: mu_enter_wizlab_1, v_misc_30, nicolae_vaults_border_crossing,
          vaults_mumra_minichess_inversion, nicolae_vaults_rhombus_7,
          vaults_room_boxed, hangedman_vaults_capsules,
          dpeg_vaults_pockets_of_resistance, nicolae_vaults_theta,
          nicolae_vaults_little_squares_3, nicolae_vaults_yaktaur_gun_rack,
          nicolae_vaults_back_hallway, vaults_dpeg_cross, vaults_dpeg_diagonal,
          ontoclasm_vaults_misaligned, v_alt_pattern_1, layout_vaults_ring,
          serial_shops, shop, uniq_jory, uniq_margery, uniq_zenata

Skill      XL: |  1  2  3  4  5  6  7  8  9 10 11 12 13 14 15 16 17 18 19 20 21 |
---------------+----------------------------------------------------------------+-----
Shields        | 3 4 5 6 7 8 9 10 11 12 13 14 | 14.0
Unarmed Combat | 3 4 5 6 8 10 11 14 17 18 19 20 21 | 21.1
Fighting       | 3 4 5 6 7 8 9 10 11 13 | 13.3
Dodging        | 4 5 6 8 9 |  9.9
Spellcasting   | 3 |  3.3
Earth Magic    | 5 9 13 15 17 | 17.4
Transmutations | 4 7 8 11 13 14 | 14.8

Action                   |  1- 3 |  4- 6 |  7- 9 | 10-12 | 13-15 | 16-18 | 19-21 | 22-24 || total
-------------------------+-------+-------+-------+-------+-------+-------+-------+-------++-------
Melee: Unarmed           |    83 |    87 |   297 |   683 |  1274 |  1064 |  2121 |     1 ||  5610
Invok: Whirlwind         |       |       |       |    93 |   250 |   193 |   478 |       ||  1014
       Lunge             |       |       |       |    21 |    81 |    77 |   112 |       ||   291
       Serpent's Lash    |       |       |       |       |     1 |     3 |     5 |     1 ||    10
       Heavenly Storm    |       |       |       |       |       |       |     1 |     1 ||     2
Evoke: Wand              |       |       |     3 |     3 |    12 |       |     4 |       ||    22
       Lightning rod     |       |       |       |       |     1 |     3 |       |       ||     4
       Phantom mirror    |       |       |       |       |       |     1 |     1 |       ||     2
  Use: Scroll            |       |     7 |     3 |    12 |     4 |    13 |    13 |       ||    52
       Potion            |       |       |       |     4 |     8 |     6 |     9 |       ||    27
 Stab: Sleeping          |       |     1 |     3 |     2 |     3 |     2 |       |       ||    11
       Distracted        |       |       |       |       |     2 |       |     1 |       ||     3
       Invisible         |       |       |       |       |    12 |     3 |       |       ||    15
       Confused          |       |       |       |       |       |     1 |       |       ||     1
Armor: Robe              |    19 |    32 |    87 |    35 |       |       |       |       ||   173
       Acid dragon scale |       |       |       |    86 |   242 |       |       |       ||   328
       Quicksilver drago |       |       |       |       |     4 |   268 |       |       ||   272
       Storm dragon scal |       |       |       |       |       |    18 |   333 |     1 ||   352
Dodge: Dodged            |    33 |    32 |    90 |    91 |   253 |   285 |   316 |       ||  1100
Block: Kite shield       |    29 |    31 |   120 |       |       |       |       |       ||   180
       Tower shield      |       |       |    45 |   642 |  1147 |  1056 |  1656 |     7 ||  4553

Table legend: (Time is in decaauts)
 A = Elapsed time spent in this place.
 B = Non-inter-level travel time spent in this place.
 C = Inter-level travel time spent in this place.
 D = Time resting spent in this place.
 E = Time spent auto-exploring this place.
 F = Levels seen in this place.
 G = Mean time per level.
                   A        B        C        D        E       F      G
               +--------+--------+--------+--------+--------+-----+--------+
         Total |  48114 |  45167 |   2947 |  10579 |  21646 |  44 | 1093.5 |
       Dungeon |  12766 |  11225 |   1541 |    388 |   8087 |  15 |  851.1 |
        Temple |    270 |    244 |     26 |      0 |    225 |   1 |  270.0 |
          Lair |   5759 |   5236 |    523 |    463 |   3166 |   5 | 1151.8 |
         Swamp |   6327 |   6135 |    192 |   2960 |   1897 |   4 | 1581.8 |
     Snake Pit |   6916 |   6559 |    357 |   2166 |   2516 |   4 | 1729.0 |
  Orcish Mines |   1467 |   1362 |    105 |     65 |    800 |   2 |  733.5 |
   Elven Halls |   6238 |   6082 |    156 |   2552 |   2012 |   3 | 2079.3 |
        Vaults |   4023 |   3980 |     43 |    868 |   1977 |   3 | 1341.0 |
         Abyss |   2158 |   2158 |      0 |   1112 |    264 |   1 | 2158.0 |
        Bazaar |     40 |     40 |      0 |      0 |     23 |   1 |   40.0 |
         Trove |     85 |     85 |      0 |      0 |      0 |   1 |   85.0 |
        Bailey |    316 |    316 |      0 |      0 |    105 |   1 |  316.0 |
      Ice Cave |    545 |    545 |      0 |      2 |    241 |   1 |  545.0 |
        Wizlab |     40 |     40 |      0 |      0 |      0 |   1 |   40.0 |
      Gauntlet |   1159 |   1159 |      0 |      0 |    331 |   1 | 1159.0 |
               +--------+--------+--------+--------+--------+-----+--------+

Top non-repeatable levels by time:
 Swamp:3: 3488 daAuts
   Elf:2: 2568 daAuts
 Snake:4: 2442 daAuts
 Snake:3: 2253 daAuts
 Abyss:3: 2158 daAuts
   Elf:3: 2038 daAuts
Vaults:2: 1858 daAuts
Vaults:1: 1739 daAuts
   Elf:1: 1631 daAuts
  Lair:5: 1589 daAuts
 Snake:1: 1218 daAuts
     D:9: 1185 daAuts
Gauntlet: 1159 daAuts
  Lair:4: 1147 daAuts
     D:6: 1064 daAuts
